 Dungeon Crawl Stone Soup version 0.28-a0-893-g5e322aebe8 (webtiles) character file.

Game seed: 14861872938174729113

183 1616 the Chopper (level 5, -8/42 (45) HPs)
             Began as a Hill Orc Abyssal Knight on Nov 22, 2021.
             Was a Believer of Lugonu.
             Mangled by a wight (9 damage)
             ... on level 4 of the Dungeon.
             The game lasted 00:09:08 (4555 turns).

1616 the Chopper (Hill Orc Abyssal Knight)          Turns: 4555, Time: 00:09:08

HP:   -8/42 (45)    AC:  7    Str: 17    XL:     5   Next: 62%
MP:   6/6           EV: 10    Int: 10    God:    Lugonu [**....]
Gold: 115           SH:  0    Dex: 11    Spells: 4/4 levels left

rFire   . . .      SeeInvis .   a - +1 war axe
rCold   . . .      Faith    .   (no shield)
rNeg    . . .      Spirit   .   c - +0 ring mail
rPois   .          Reflect  .   g - +0 helmet
rElec   .          Harm     .   (no cloak)
rCorr   .          Rampage  .   h - +0 pair of gloves
Will    .....                   (no boots)
Stlth   +.........              (no amulet)
HPRegen 0.14/turn               (no ring)
MPRegen 0.10/turn               (no ring)

@: drained
A: no striking features
a: Renounce Religion, Depart the Abyss, Bend Space


You were on level 4 of the Dungeon.
You worshipped Lugonu.
Lugonu was pleased with you.
You visited 1 branch of the dungeon, and saw 4 of its levels.
You visited the Abyss 1 time.

You collected 115 gold pieces.

Inventory:

Hand Weapons
 a - a +1 war axe (weapon)
Armour
 c - a +0 ring mail (worn)
 g - a +0 helmet (worn)
 h - a +0 pair of gloves (worn)
Jewellery
 j - an amulet of reflection
Scrolls
 k - 2 scrolls of identify
Potions
 b - a potion of curing
 d - a potion of resistance
 e - a potion of flight
 f - 2 potions of experience {unknown}


   Skills:
 - Level 3.6 Fighting
 + Level 7.5 Axes
 - Level 2.1 Armour
 - Level 0.7 Dodging
 - Level 2.4 Invocations


You had 4 spell levels left.
You didn't know any spells.
Your spell library contained the following spells:

 Spells                   Type           Power      Damage    Failure   Level
 Pain                     Necr           0%         1d4       56%         1
 Agony                    Necr           0%         N/A       100%        5
 Excruciating Wounds      Necr           0%         N/A       100%        5


Dungeon Overview and Level Annotations

Branches:
Dungeon (4/15)
 Temple: D:4-7

Altars:
Uskayaw


Message History

Space bends around you!
You blink.
Okay, then.
You feel better.
There is a stone staircase leading down here.
Okay, then.
You feel very mighty all of a sudden. The wight hits you but does no damage.
You hit the wight.
You destroy the wight!
Lugonu accepts your kill.
You are too injured to fight recklessly!
Things that are here:
a +0 hand axe; a +0 robe You start resting.
You feel a little less mighty now.
You start resting.
HP restored.
You start waiting.
You can no longer banish your foes.
You start waiting.
You see here a +0 club.
A wight comes into view.
It is wielding a +5 great sword of freezing.
You see here 18 stones.
A wight is nearby!
A wight comes into view. It is wielding a +0 long sword.
You barely miss the wight. You slash the bush! The wight closely misses you.
You hit the wight but do no damage. You hit the bush but do no damage.
The wight hits you with a +5 great sword of freezing!
You feel drained. The wight freezes you.
You barely miss the wight. You hit the bush but do no damage.
The wight hits you with a +5 great sword of freezing.
The wight freezes you.
The wight hits you with a +5 great sword of freezing!
* * * LOW HITPOINT WARNING * * *
The wight freezes you.
* * * LOW HITPOINT WARNING * * *
You completely miss the bush. You hit the bush but do no damage.
You hit the wight. You hit the bush but do no damage.
The wight hits you with a +5 great sword of freezing!
You die...

#. #.##...... ♣.
###.##....## ♣♣♣.♣♣
#......##.##
♣♣PP?PP♣♣##.#.#####..#
♣PP...PP♣♣....# ##..
.♣♣P.....P♣♣....#######.
......⌠..(...#..........
♣♣P..z..P♣♣##.########.
♣PPz.@PP♣♣##.# ##
♣PP.PP♣♣....#########
♣♣♣.♣♣♣♣#.#.....>....
♣.♣♣....######.....
#########....## ##)####
...........### ######..#
#.
.........#######......##
##
........)..§....z######
........##########


You could see 2 wights.

Vanquished Creatures
  A wight (D:4)
  A hound (D:4)
  A gnoll (D:1)
  2 adders (D:4)
  3 worms
  4 dart slugs
  An orc (D:4)
  6 bats
  7 endoplasms
  A giant cockroach (D:1)
  6 hobgoblins
  3 jackals (D:3)
  3 quokkas
  8 ball pythons
  4 frilled lizards
  8 goblins
  4 kobolds
  4 rats
67 creatures vanquished.

Notes
Turn   | Place    | Note
-------+----------+-------------------------------------------
     0 | Abyss:1  | 1616 the Hill Orc Abyssal Knight began the quest for the
                  | Orb.
     0 | Abyss:1  | Reached XP level 1. HP: 19/19 MP: 2/2
    13 | D:1      | Escaped the Abyss
    78 | D:1      | Reached skill level 3 in Axes
   319 | D:1      | Reached XP level 2. HP: 26/26 MP: 3/3
   425 | D:1      | Reached skill level 4 in Axes
  1094 | D:1      | Reached ** piety under Lugonu
  1294 | D:1      | Reached XP level 3. HP: 22/31 MP: 4/4
  1522 | D:1      | Reached skill level 5 in Axes
  1887 | D:2      | Found a faded altar of an unknown god.
  2181 | D:2      | Reached XP level 4. HP: 27/39 MP: 5/5
  2861 | D:3      | Found a hide-covered altar of Uskayaw.
  3006 | D:3      | Reached skill level 6 in Axes
  3792 | D:4      | Reached XP level 5. HP: 26/45 MP: 6/6
  4043 | D:4      | Reached skill level 7 in Axes
  4044 | D:4      | Reached *** piety under Lugonu
  4554 | D:4      | HP: 2/42 [wight (14)]
  4555 | D:4      | Mangled by a wight

Illustrated notes

Levels and vault maps discovered:
D:1:      evilmike_arrival_fibonacci_small, layout_basic
D:2:      layout_basic, ebering_ecumenical_altar_sacrificial
D:3:      layout_loops_corners, mainiacjoe_overflow_concentric_impassable
D:4:      layout_rooms, minmay_temple_entry_fiery, serial_forest,
          infiniplex_forest_end_2, infiniplex_forest_fountain,
          infiniplex_forest_clump_long, infiniplex_forest_corner_1,
          infiniplex_forest_corner_1, infiniplex_forest_lined_2,
          infiniplex_forest_clump_C, infiniplex_forest_end_2,
          infiniplex_forest_end_2

Skill      XL: |  1  2  3  4  5 |
---------------+----------------+-----
Axes           | 3 4 5 6 7 |  7.5
Fighting       | |  3.6
Armour         | |  2.1
Dodging        | |  0.7
Invocations    | |  2.4

Action                   |  1- 3 |  4- 6 || total
-------------------------+-------+-------++-------
Melee: Hand axe          |    99 |    27 ||   126
       War axe           |       |    65 ||    65
Invok: Bend Space        |       |     1 ||     1
  Use: Scroll            |       |     7 ||     7
       Potion            |       |     4 ||     4
Armor: Leather armour    |     7 |       ||     7
       Ring mail         |    18 |    27 ||    45
Dodge: Dodged            |    42 |    34 ||    76

Table legend: (Time is in decaauts)
 A = Elapsed time spent in this place.
 B = Non-inter-level travel time spent in this place.
 C = Inter-level travel time spent in this place.
 D = Time resting spent in this place.
 E = Time spent auto-exploring this place.
 F = Levels seen in this place.
 G = Mean time per level.
                   A        B        C        D        E       F      G
               +--------+--------+--------+--------+--------+-----+--------+
         Total |   4580 |   4413 |    167 |    674 |   3121 |   5 |  916.0 |
       Dungeon |   4567 |   4400 |    167 |    674 |   3121 |   4 | 1141.8 |
         Abyss |     13 |     13 |      0 |      0 |      0 |   1 |   13.0 |
               +--------+--------+--------+--------+--------+-----+--------+

Top non-repeatable levels by time:
     D:1: 1722 daAuts
     D:3: 1037 daAuts
     D:2: 942 daAuts
     D:4: 866 daAuts
 Abyss:1: 13 daAuts
